TOP OF THE 1ST |
Louisville Cardinals batting - Pitching for Mississippi Rebels : LHP Juan Méndez
|
Pitching: LHP Juan Méndez
|
|
Batting: RHB Larry Johnson
|
0-0: Ball 1-0: Called Strike 1-1: Ball 2-1: Fly out, F6 (Popup, 56)
|
Batting: RHB Bobby Hendricks
|
0-0: Called Strike 0-1: Ball 1-1: Ball 2-1: Ball 3-1: Fly out, F7 (Flyball, 7)
|
Batting: RHB James Everhart
|
0-0: Foul Ball, location: 2F 0-1: Called Strike 0-2: Ball 1-2: Ball 2-2: Ball 3-2: Strikes out swinging
|
Top of the 1st over - 0 run(s), 0 hit(s), 0 error(s), 0 left on base; Louisville 0 - Mississippi 0 |
BOTTOM OF THE 1ST |
Mississippi Rebels batting - Pitching for Louisville Cardinals : RHP Rob Quinlan
|
Pitching: RHP Rob Quinlan
|
|
Batting: RHB Jon Waller
|
0-0: Called Strike 0-1: Ball 1-1: Ground out 1-3 (Groundball, 13)
|
Batting: RHB Albert Hunt
|
0-0: SINGLE (Groundball, 4) (infield hit)
|
Batting: LHB Ryan Miller
|
0-0: Foul Ball, location: 2F 0-1: Ball 1-1: Ball 2-1: Foul Ball, location: 2F 2-2: Ball 3-2: Base on Balls Albert Hunt to second
|
Batting: RHB Lou Hammond
|
0-0: Called Strike 0-1: Foul Ball, location: 2F 0-2: Ball 1-2: Ball 2-2: Ball 3-2: Base on Balls Albert Hunt to third Ryan Miller to second
|
Batting: LHB John Allen
|
0-0: Ball 1-0: Called Strike 1-1: Swinging Strike 1-2: Ball 2-2: GRAND SLAM HOME RUN (Flyball, 78XD), Distance : 378 ft
|
Batting: SHB Jack Hendrix
|
0-0: DOUBLE (Line Drive, 7LM)
|
Batting: RHB Carroll Hernández
|
0-0: Called Strike 0-1: Ball 1-1: Fly out, F2 (Popup, 25)
|
Batting: RHB Mac Clark
|
0-0: Foul Ball, location: 2F 0-1: Ball 1-1: Ball 2-1: Ball 3-1: Called Strike 3-2: Foul Ball, location: 2F 3-2: Fly out, F2 (Popup, 3S)
|
Bottom of the 1st over - 4 run(s), 3 hit(s), 0 error(s), 1 left on base; Louisville 0 - Mississippi 4 |
TOP OF THE 2ND |
Louisville Cardinals batting - Pitching for Mississippi Rebels : LHP Juan Méndez
|
Batting: SHB Dan Williams
|
0-0: SINGLE (Line Drive, 89S)
|
Batting: RHB Charlie Guzmén
|
0-0: Swinging Strike 0-1: Called Strike 0-2: Ball 1-2: Foul Ball, location: 2F 1-2: Strikes out swinging
|
Batting: RHB Roberto Peńa
|
0-0: Foul Ball, location: 2F 0-1: Ball 1-1: Ball 2-1: Fielders Choice at 2nd, 1-4 (Groundball, 15S)
|
Batting: RHB José Ortíz
|
0-0: Called Strike 0-1: Swinging Strike 0-2: Strikes out looking
|
Top of the 2nd over - 0 run(s), 1 hit(s), 0 error(s), 1 left on base; Louisville 0 - Mississippi 4 |
BOTTOM OF THE 2ND |
Mississippi Rebels batting - Pitching for Louisville Cardinals : RHP Rob Quinlan
|
Batting: RHB Jesús Pérez
|
0-0: Ball 1-0: Called Strike 1-1: Ball 2-1: Swinging Strike 2-2: Foul Ball, location: 2F 2-2: Foul Ball, location: 2F 2-2: Ball 3-2: Base on Balls
|
Batting: RHB Jon Waller
|
0-0: Called Strike 0-1: Swinging Strike 0-2: Fielders Choice at 2nd, 4-6 (Groundball, 4)
|
Batting: RHB Albert Hunt
|
0-0: Called Strike 0-1: Foul Ball, location: 2F 0-2: SINGLE (Groundball, 6MD) Jon Waller to second Jon Waller to third
|
Batting: LHB Ryan Miller
|
0-0: Ball 1-0: Ball 2-0: Fly out, F9 (Flyball, 9S) Runner from 3rd tags up, SCORES, throw made
|
Batting: RHB Lou Hammond
|
0-0: Foul Ball, location: 2F 0-1: Called Strike Albert Hunt steals 2nd base 0-2: Ball 1-2: SINGLE (Line Drive, 56D) Albert Hunt to third Runner from 3rd tries for Home, SAFE, no throw
|
Pitching: LHP Chris Belcher
|
|
Batting: LHB John Allen
|
0-0: Ball Lou Hammond is caught stealing 2nd base
|
Bottom of the 2nd over - 2 run(s), 2 hit(s), 0 error(s), 0 left on base; Louisville 0 - Mississippi 6 |
TOP OF THE 3RD |
Louisville Cardinals batting - Pitching for Mississippi Rebels : LHP Juan Méndez
|
Batting: RHB Doug Jackson
|
0-0: Called Strike 0-1: Ground out 3-1 (Groundball, 34)
|
Batting: RHB Scott Cabrera
|
0-0: Ball 1-0: Called Strike 1-1: SINGLE (Line Drive, 34)
|
Batting: RHB Larry Johnson
|
0-0: Ball 1-0: Ball 2-0: Ball 3-0: Base on Balls Scott Cabrera to second
|
Batting: RHB Bobby Hendricks
|
0-0: Called Strike 0-1: Ball 1-1: Foul Ball, location: 2F 1-2: Ball 2-2: Foul Ball, location: 2F 2-2: Strikes out swinging
|
Batting: RHB James Everhart
|
0-0: Called Strike 0-1: Called Strike 0-2: Ball 1-2: Foul Ball, location: 2F 1-2: Foul Ball, location: 2F 1-2: Ball 2-2: Ball 3-2: Ground out 6-3 (Groundball, 6M)
|
Top of the 3rd over - 0 run(s), 1 hit(s), 0 error(s), 2 left on base; Louisville 0 - Mississippi 6 |
BOTTOM OF THE 3RD |
Mississippi Rebels batting - Pitching for Louisville Cardinals : LHP Chris Belcher
|
Batting: LHB John Allen
|
0-0: Called Strike 0-1: Called Strike 0-2: Ball 1-2: Strikes out swinging
|
Batting: SHB Jack Hendrix
|
0-0: SINGLE (Groundball, 2R) (infield hit)
|
Batting: RHB Carroll Hernández
|
0-0: Ball 1-0: Called Strike 1-1: Ball 2-1: Fly out, F3 (Popup, 3S)
|
Batting: RHB Mac Clark
|
0-0: Fielders Choice at 2nd, 6-4 (Groundball, 6)
|
Bottom of the 3rd over - 0 run(s), 1 hit(s), 0 error(s), 0 left on base; Louisville 0 - Mississippi 6 |
TOP OF THE 4TH |
Louisville Cardinals batting - Pitching for Mississippi Rebels : LHP Juan Méndez
|
Batting: SHB Dan Williams
|
0-0: Ball 1-0: Called Strike 1-1: Called Strike 1-2: SINGLE (Line Drive, 56)
|
Batting: RHB Charlie Guzmén
|
0-0: Ball 1-0: Ball 2-0: Called Strike 2-1: Swinging Strike 2-2: Fly out, F9 (Flyball, 9LM)
|
Batting: RHB Roberto Peńa
|
0-0: SINGLE (Groundball, 6MD) Dan Williams to second
|
Batting: RHB José Ortíz
|
0-0: Called Strike 0-1: Called Strike 0-2: Ball 1-2: Ball 2-2: Ball 3-2: Strikes out looking
|
Batting: RHB Doug Jackson
|
0-0: Foul Ball, location: 2F 0-1: Called Strike 0-2: Ball 1-2: SINGLE (Flyball, 9LS) Dan Williams to third Roberto Peńa to second Runner from 3rd tries for Home, SAFE, no throw
|
Batting: RHB Scott Cabrera
|
0-0: Ball 1-0: Foul Ball, location: 2F 1-1: Ball 2-1: Ball 3-1: Foul Ball, location: 2F 3-2: Base on Balls Roberto Peńa to third Doug Jackson to second
|
Batting: RHB Larry Johnson
|
0-0: Foul Ball, location: 2F 0-1: Ball 1-1: Ball 2-1: Ball 3-1: Swinging Strike 3-2: Ground out 5-3 (Groundball, 5)
|
Top of the 4th over - 1 run(s), 3 hit(s), 0 error(s), 3 left on base; Louisville 1 - Mississippi 6 |
BOTTOM OF THE 4TH |
Mississippi Rebels batting - Pitching for Louisville Cardinals : LHP Chris Belcher
|
Batting: RHB Jesús Pérez
|
0-0: Ball 1-0: Ground out 6-3 (Groundball, 6)
|
Batting: RHB Jon Waller
|
0-0: Ball 1-0: SINGLE (Line Drive, 56D)
|
Batting: RHB Albert Hunt
|
0-0: Ball 1-0: Fly out, F4 (Popup, 4D)
|
Batting: LHB Ryan Miller
|
0-0: Ball 1-0: Swinging Strike 1-1: Ball 2-1: Ball 3-1: Foul Ball, location: 2F 3-2: Ground out 1-3 (Groundball, 13)
|
Bottom of the 4th over - 0 run(s), 1 hit(s), 0 error(s), 1 left on base; Louisville 1 - Mississippi 6 |
TOP OF THE 5TH |
Louisville Cardinals batting - Pitching for Mississippi Rebels : LHP Juan Méndez
|
Pitching: RHP Craig Jones
|
|
Batting: RHB Bobby Hendricks
|
0-0: Ball 1-0: Swinging Strike 1-1: Ball 2-1: Ball 3-1: Foul Ball, location: 2F 3-2: Strikes out looking
|
Batting: RHB James Everhart
|
0-0: Ball 1-0: SINGLE (Groundball, 6D)
|
Batting: SHB Dan Williams
|
0-0: Foul Ball, location: 2F 0-1: Called Strike 0-2: SINGLE (Line Drive, 4D) James Everhart to second
|
Batting: RHB Charlie Guzmén
|
0-0: Ball 1-0: Ball 2-0: Ball 3-0: Base on Balls James Everhart to third Dan Williams to second
|
Batting: RHB Roberto Peńa
|
0-0: Foul Ball, location: 2F 0-1: Foul Ball, location: 2F 0-2: Strikes out swinging
|
Batting: RHB José Ortíz
|
0-0: GRAND SLAM HOME RUN (Flyball, 7D), Distance : 360 ft
|
Batting: RHB Doug Jackson
|
0-0: Swinging Strike 0-1: Called Strike 0-2: Foul Ball, location: 2F 0-2: Ball 1-2: Ball 2-2: Foul Ball, location: 2F 2-2: Strikes out swinging
|
Top of the 5th over - 4 run(s), 3 hit(s), 0 error(s), 0 left on base; Louisville 5 - Mississippi 6 |
BOTTOM OF THE 5TH |
Mississippi Rebels batting - Pitching for Louisville Cardinals : LHP Chris Belcher
|
Batting: RHB Lou Hammond
|
0-0: Ball 1-0: Foul Ball, location: 2F 1-1: Swinging Strike 1-2: Ball 2-2: Ball 3-2: Base on Balls
|
Batting: LHB John Allen
|
0-0: Swinging Strike 0-1: Swinging Strike 0-2: Ball 1-2: Ball 2-2: Ball 3-2: Strikes out swinging Lou Hammond steals 2nd base Batter strikes out.
|
Batting: SHB Jack Hendrix
|
0-0: Called Strike Lou Hammond steals 3rd base 0-1: Called Strike 0-2: Strikes out swinging
|
Batting: RHB Carroll Hernández
|
0-0: Ball 1-0: Called Strike 1-1: Ball 2-1: Ball 3-1: Base on Balls
|
Batting: RHB Mac Clark
|
0-0: Fielders Choice at 2nd, 4-6 (Groundball, 4)
|
Bottom of the 5th over - 0 run(s), 0 hit(s), 0 error(s), 1 left on base; Louisville 5 - Mississippi 6 |
TOP OF THE 6TH |
Louisville Cardinals batting - Pitching for Mississippi Rebels : RHP Craig Jones
|
Pitching: RHP Jesse Williams
|
|
Batting: RHB Scott Cabrera
|
0-0: Hit by Pitch
|
Batting: RHB Larry Johnson
|
0-0: Called Strike 0-1: Swinging Strike 0-2: Foul Ball, location: 2F 0-2: Ball 1-2: Fly out, F9 (Line Drive, 89M)
|
Batting: RHB Bobby Hendricks
|
0-0: Ball 1-0: Ball 2-0: Foul Ball, location: 2F 2-1: Ball 3-1: Foul Ball, location: 2F 3-2: Base on Balls Scott Cabrera to second
|
Batting: RHB James Everhart
|
0-0: Called Strike 0-1: Ball 1-1: Ball 2-1: Foul Ball, location: 2F 2-2: Ball 3-2: Base on Balls Scott Cabrera to third Bobby Hendricks to second
|
Batting: SHB Dan Williams
|
0-0: Called Strike 0-1: Ball 1-1: Foul Ball, location: 2F 1-2: Strikes out looking
|
Batting: RHB Charlie Guzmén
|
0-0: Called Strike 0-1: Swinging Strike 0-2: Fielders Choice at 2nd, 5-4 (Groundball, 5)
|
Top of the 6th over - 0 run(s), 0 hit(s), 0 error(s), 2 left on base; Louisville 5 - Mississippi 6 |
BOTTOM OF THE 6TH |
Mississippi Rebels batting - Pitching for Louisville Cardinals : LHP Chris Belcher
|
Batting: RHB Jesús Pérez
|
0-0: Called Strike 0-1: Ground out 6-3 (Groundball, 6)
|
Batting: RHB Jon Waller
|
0-0: Ground out 4-3 (Groundball, 4)
|
Batting: RHB Albert Hunt
|
0-0: Ball 1-0: Ball 2-0: Foul Ball, location: 2F 2-1: Reached on error, E1 (Groundball, 15)
|
Batting: LHB Ryan Miller
|
0-0: Ball 1-0: Foul Ball, location: 2F 1-1: Ball Albert Hunt is caught stealing 2nd base
|
Bottom of the 6th over - 0 run(s), 0 hit(s), 1 error(s), 0 left on base; Louisville 5 - Mississippi 6 |
TOP OF THE 7TH |
Louisville Cardinals batting - Pitching for Mississippi Rebels : RHP Jesse Williams
|
Batting: RHB Roberto Peńa
|
0-0: Ball 1-0: Swinging Strike 1-1: Ball 2-1: Fly out, F8 (Flyball, 8LM)
|
Batting: RHB José Ortíz
|
0-0: Ball 1-0: Called Strike 1-1: Fly out, F7 (Flyball, 7S)
|
Batting: RHB Doug Jackson
|
0-0: Foul Ball, location: 2F 0-1: Ball 1-1: Foul Ball, location: 2F 1-2: Ground out 6-3 (Groundball, 6)
|
Top of the 7th over - 0 run(s), 0 hit(s), 0 error(s), 0 left on base; Louisville 5 - Mississippi 6 |
BOTTOM OF THE 7TH |
Mississippi Rebels batting - Pitching for Louisville Cardinals : LHP Chris Belcher
|
Batting: LHB Ryan Miller
|
0-0: Called Strike 0-1: Ball 1-1: Swinging Strike 1-2: Ball 2-2: Strikes out looking
|
Batting: RHB Lou Hammond
|
0-0: Ball 1-0: Called Strike 1-1: Swinging Strike 1-2: Foul Ball, location: 2F 1-2: Ball 2-2: Strikes out swinging
|
Batting: LHB John Allen
|
0-0: Ball 1-0: Swinging Strike 1-1: Swinging Strike 1-2: Strikes out swinging
|
Bottom of the 7th over - 0 run(s), 0 hit(s), 0 error(s), 0 left on base; Louisville 5 - Mississippi 6 |
TOP OF THE 8TH |
Louisville Cardinals batting - Pitching for Mississippi Rebels : RHP Jesse Williams
|
Batting: RHB Scott Cabrera
|
0-0: Called Strike 0-1: Ball 1-1: Ground out 5-3 (Groundball, 2L)
|
Batting: RHB Larry Johnson
|
0-0: Swinging Strike 0-1: Ball 1-1: SINGLE (Flyball, 7S)
|
Batting: RHB Bobby Hendricks
|
0-0: Called Strike 0-1: Ball 1-1: Ball 2-1: Foul Ball, location: 2F 2-2: Ball 3-2: 2-RUN HOME RUN (Flyball, 9D), Distance : 360 ft
|
Pitching: RHP Jim Major
|
|
Batting: RHB James Everhart
|
0-0: Foul Ball, location: 2F 0-1: Foul Ball, location: 2F 0-2: Strikes out looking
|
Batting: SHB Dan Williams
|
0-0: Ball 1-0: Swinging Strike 1-1: Foul Ball, location: 2F 1-2: Strikes out swinging
|
Top of the 8th over - 2 run(s), 2 hit(s), 0 error(s), 0 left on base; Louisville 7 - Mississippi 6 |
BOTTOM OF THE 8TH |
Mississippi Rebels batting - Pitching for Louisville Cardinals : LHP Chris Belcher
|
Pitching: RHP Arturo Gonzáles
|
|
Batting: SHB Jack Hendrix
|
0-0: SINGLE (Groundball, 4MD)
|
Batting: RHB Carroll Hernández
|
0-0: Ball 1-0: SINGLE (Groundball, 56D) Jack Hendrix to second
|
Batting: RHB Mac Clark
|
0-0: Ball 1-0: Bunted foul 1-1: Bunt missed! 1-2: DOUBLE (Line Drive, 89D) Jack Hendrix scores Carroll Hernández to third
|
Batting: RHB Jesús Pérez
|
0-0: Ball 1-0: Called Strike 1-1: Ball 2-1: Called Strike 2-2: Ball 3-2: Base on Balls
|
Batting: RHB Jon Waller
|
0-0: Called Strike 0-1: Ball 1-1: Foul Ball, location: 2F 1-2: Foul Ball, location: 2F 1-2: Fly out, F9 (Flyball, 89M)
|
Batting: RHB Albert Hunt
|
0-0: Ball 1-0: Ball 2-0: Ball 3-0: Base on Balls Carroll Hernández scores Mac Clark to third Jesús Pérez to second
|
Pitching: LHP Adam Guerrero
|
|
Batting: LHB Ryan Miller
|
0-0: Ball 1-0: Called Strike 1-1: Swinging Strike 1-2: Foul Ball, location: 2F 1-2: Foul Ball, location: 2F 1-2: Ball 2-2: Ball 3-2: Grounds into fielders choice 6-2 (Groundball, 6M) Jesús Pérez to third Albert Hunt to second
|
Batting: RHB Lou Hammond
|
0-0: Swinging Strike 0-1: Ball 1-1: Ball 2-1: DOUBLE (Line Drive, 78M) Jesús Pérez scores Albert Hunt scores Ryan Miller to third Runner from 3rd tries for Home, SAFE, no throw
|
Pitching: LHP Eric Knox
|
|
Batting: LHB John Allen
|
0-0: Ball 1-0: Fly out, F9 (Line Drive, 9)
|
Bottom of the 8th over - 5 run(s), 4 hit(s), 0 error(s), 1 left on base; Louisville 7 - Mississippi 11 |
TOP OF THE 9TH |
Louisville Cardinals batting - Pitching for Mississippi Rebels : RHP Jim Major
|
Batting: RHB Charlie Guzmén
|
0-0: Ball 1-0: Foul Ball, location: 2F 1-1: Foul Ball, location: 2F 1-2: Fly out, F8 (Flyball, 8RM)
|
Batting: RHB Roberto Peńa
|
0-0: Swinging Strike 0-1: Called Strike 0-2: Strikes out swinging
|
Batting: RHB José Ortíz
|
0-0: Called Strike 0-1: Ball 1-1: Ball 2-1: Ball 3-1: Foul Ball, location: 2F 3-2: Fly out, F6 (Popup, 56D)
|
Top of the 9th over - 0 run(s), 0 hit(s), 0 error(s), 0 left on base; Louisville 7 - Mississippi 11 |
|